General information
- name: BNet
- type: Ladder team game (AT/RT)
- host: Battle.net
- saver: butter15
map: Dragonblight
- players: 6
- length: 29:24
- speed: Fast
- version: 1.26 W3XP
- replay type:

» download(218 KB)
Players
team 1 (loser)
Elmar-Paulke (
yellow | 43 APM | 1261 actions | 29:10)
3 Death Knight
2 Death Coil
1 Unholy Aura
2 Lich
1 Frost Nova
1 Frost Armor
2 Crypt Lord
1 Impale
1 Spiked Carapace
» actions
| Assign group hotkey | 18 | |
| Build / train | 55 | |
| Enter build submenu | 36 | |
| Enter hero's abilities submenu | 7 | |
| Give item / drop item | 1 | |
| Remove unit from queue | 2 | |
| Right click | 621 | |
| Select / deselect | 338 | |
| Select group hotkey | 104 | |
| Use ability | 79 | |
1261 total
» units
| Acolyte | 8 | |
| Ghoul | 3 | |
| Crypt Fiend | 2 | |
| Obsidian Statue | 4 | |
| Meatwagon | 2 | |
| Frost Wyrm | 6 | |
25 total
» upgrades
| Creature Attack | 3 | |
| Creature Carapace | 1 | |
| Web | 1 | |
| Destroyer Form | 1 | |
| Exhume Corpses | 1 | |
| Freezing Breath | 1 | |
8 total
» buildings
| Crypt | 1 | |
| Altar of Darkness | 1 | |
| Ziggurat | 20 | |
| Graveyard | 1 | |
| Tomb of Relics | 1 | |
| Halls of the Dead | 1 | |
| Spirit Tower | 2 | |
| Nerubian Tower | 2 | |
| Slaughterhouse | 1 | |
| Black Citadel | 1 | |
| Sacrificial Pit | 1 | |
| Boneyard | 2 | |
| Necropolis | 1 | |
35 total
» build order
00:08 Crypt
00:11 Altar of Darkness
00:21 Ziggurat
00:46 Graveyard
01:16 Ziggurat
01:46 Tomb of Relics
02:29 Halls of the Dead
02:54 Spirit Tower
02:56 Nerubian Tower
05:24 Slaughterhouse
05:47 Ziggurat
06:35 Black Citadel
07:10 Ziggurat
10:27 Sacrificial Pit
11:26 Boneyard
12:13 Ziggurat
12:17 Ziggurat
12:47 Boneyard
15:40 Ziggurat
16:02 Ziggurat
19:10 Ziggurat
19:13 Ziggurat
20:06 Nerubian Tower
20:56 Ziggurat
20:58 Ziggurat
22:37 Ziggurat
22:39 Necropolis
22:43 Ziggurat
22:45 Ziggurat
22:50 Ziggurat
24:36 Ziggurat
25:06 Ziggurat
25:55 Spirit Tower
25:57 Ziggurat
26:00 Ziggurat
26:22 Nerubian Tower
» items
| Dust of Appearance | 2 | |
| Rod of Necromancy | 1 | |
| Potion of Healing | 1 | |
4 total
Mighty-Mike (
green | 59 APM | 1692 actions | 28:42)
3 Keeper of the Grove
2 Entangling Roots
1 Thorns Aura
2 Goblin Tinker
1 Pocket Factory
1 Cluster Rockets
» actions
| Assign group hotkey | 21 | |
| Build / train | 76 | |
| Enter build submenu | 23 | |
| Enter hero's abilities submenu | 5 | |
| Remove unit from queue | 1 | |
| Right click | 986 | |
| Select / deselect | 344 | |
| Select group hotkey | 163 | |
| Use ability | 73 | |
1692 total
» units
| Wisp | 47 | |
| Huntress | 6 | |
| Dryad | 3 | |
| Chimaera | 3 | |
59 total
» upgrades
| Sentinel | 1 | |
| Abolish Magic | 1 | |
| Strength of the Wild | 2 | |
| Upgrade Moon Glaive | 1 | |
| Reinforced Hides | 1 | |
| Corrosive Breath | 1 | |
7 total
» buildings
| Altar of Elders | 1 | |
| Moon Well | 8 | |
| Hunter's Hall | 1 | |
| Ancient of War | 1 | |
| Ancient Protector | 1 | |
| Tree of Ages | 1 | |
| Ancient of Wonders | 1 | |
| Ancient of Lore | 2 | |
| Tree of Eternity | 1 | |
| Ancient of Wind | 1 | |
| Chimaera Roost | 3 | |
| Tree of Life | 2 | |
23 total
» build order
00:10 Altar of Elders
00:28 Moon Well
01:46 Hunter's Hall
01:57 Ancient of War
02:06 Moon Well
03:00 Ancient Protector
03:47 Tree of Ages
04:20 Moon Well
05:21 Ancient of Wonders
05:45 Moon Well
06:19 Ancient of Lore
06:23 Ancient of Lore
09:34 Tree of Eternity
10:30 Moon Well
11:51 Ancient of Wind
13:37 Chimaera Roost
14:13 Chimaera Roost
14:38 Chimaera Roost
15:29 Moon Well
15:33 Moon Well
18:46 Moon Well
20:00 Tree of Life
20:41 Tree of Life
Simon-Whitlock (
purple | 87 APM | 2502 actions | 28:37)
3 Archmage
1 Summon Water Elemental
2 Blizzard
2 Blood Mage
1 Flame Strike
1 Siphon Mana
» actions
| Assign group hotkey | 33 | |
| Build / train | 144 | |
| Enter build submenu | 39 | |
| Enter hero's abilities submenu | 5 | |
| Remove unit from queue | 3 | |
| Right click | 1536 | |
| Select / deselect | 557 | |
| Select group hotkey | 73 | |
| Use ability | 112 | |
2502 total
» units
| Peasant | 18 | |
| Footman | 6 | |
| Priest | 7 | |
| Mortar Team | 9 | |
| Siege Engine | 4 | |
| Gryphon Rider | 16 | |
60 total
» upgrades
| Defend | 1 | |
| Plating | 1 | |
| Swords | 1 | |
| Priest Training | 2 | |
| Storm Hammers | 1 | |
| Lumber Harvesting | 1 | |
| Barrage | 1 | |
| Fragmentation Shards | 1 | |
| Flare | 1 | |
| Gunpowder | 1 | |
11 total
» buildings
| Altar of Kings | 1 | |
| Barracks | 1 | |
| Farm | 13 | |
| Lumber Mill | 1 | |
| Keep | 4 | |
| Arcane Vault | 1 | |
| Blacksmith | 1 | |
| Arcane Sanctum | 1 | |
| Scout Tower | 14 | |
| Workshop | 2 | |
| Guard Tower | 32 | |
| Castle | 5 | |
| Gryphon Aviary | 2 | |
| Town Hall | 1 | |
79 total
» build order
00:09 Altar of Kings
00:14 Barracks
00:23 Farm
01:41 Farm
01:47 Lumber Mill
02:50 Farm
03:02 Keep
03:02 Keep
03:03 Keep
03:38 Arcane Vault
04:21 Farm
05:17 Blacksmith
05:45 Arcane Sanctum
05:48 Scout Tower
05:51 Farm
06:36 Workshop
06:38 Guard Tower
06:38 Guard Tower
06:46 Castle
06:46 Castle
06:46 Castle
06:47 Castle
07:44 Farm
08:19 Farm
09:35 Gryphon Aviary
10:19 Gryphon Aviary
10:22 Farm
10:45 Workshop
11:05 Farm
11:45 Farm
11:46 Farm
12:22 Town Hall
14:09 Scout Tower
14:10 Scout Tower
14:47 Guard Tower
14:48 Guard Tower
14:51 Scout Tower
14:54 Scout Tower
15:13 Guard Tower
15:14 Guard Tower
15:18 Guard Tower
15:18 Guard Tower
15:33 Guard Tower
15:34 Guard Tower
15:37 Scout Tower
16:04 Guard Tower
16:04 Guard Tower
16:04 Guard Tower
16:09 Scout Tower
16:36 Scout Tower
16:38 Guard Tower
16:38 Guard Tower
16:42 Scout Tower
16:46 Scout Tower
16:56 Scout Tower
18:02 Guard Tower
18:02 Guard Tower
18:42 Guard Tower
18:43 Guard Tower
18:57 Scout Tower
19:39 Guard Tower
19:40 Guard Tower
19:40 Guard Tower
19:43 Scout Tower
20:21 Guard Tower
20:21 Guard Tower
20:26 Farm
21:08 Scout Tower
24:03 Farm
27:37 Guard Tower
» items
| Orb of Fire | 1 | |
| Potion of Healing | 1 | |
| Ivory Tower | 1 | |
3 total
team 2 (winner)
Birdeneering (
teal | 117 APM | 3425 actions | 29:11)
5 Mountain King
3 Storm Bolt
2 Bash
4 Paladin
2 Holy Light
2 Divine Shield
4 Archmage
2 Brilliance Aura
2 Blizzard
» actions
| Assign group hotkey | 307 | |
| Basic commands | 49 | |
| Build / train | 111 | |
| Enter build submenu | 111 | |
| Enter hero's abilities submenu | 13 | |
| Give item / drop item | 3 | |
| Right click | 1518 | |
| Select / deselect | 363 | |
| Select group hotkey | 737 | |
| Use ability | 213 | |
3425 total
» units
» upgrades
| Masonry | 3 | |
| Lumber Harvesting | 2 | |
| Magic Sentry | 1 | |
6 total
» buildings
| Altar of Kings | 1 | |
| Farm | 5 | |
| Lumber Mill | 1 | |
| Scout Tower | 111 | |
| Arcane Tower | 12 | |
| Guard Tower | 45 | |
| Keep | 1 | |
| Castle | 1 | |
| Arcane Sanctum | 1 | |
| Arcane Vault | 3 | |
| Town Hall | 1 | |
182 total
» build order
00:06 Altar of Kings
00:13 Farm
00:39 Farm
01:01 Lumber Mill
01:09 Scout Tower
01:20 Farm
01:36 Scout Tower
01:41 Scout Tower
01:44 Arcane Tower
01:52 Scout Tower
02:09 Arcane Tower
02:17 Scout Tower
02:30 Scout Tower
02:32 Arcane Tower
02:37 Scout Tower
02:38 Scout Tower
02:50 Guard Tower
02:52 Scout Tower
03:00 Guard Tower
03:02 Scout Tower
03:44 Scout Tower
03:45 Guard Tower
03:45 Guard Tower
04:09 Scout Tower
04:10 Guard Tower
04:14 Scout Tower
04:20 Guard Tower
04:22 Scout Tower
04:26 Scout Tower
04:27 Guard Tower
04:30 Keep
04:52 Guard Tower
04:54 Scout Tower
04:55 Scout Tower
04:58 Guard Tower
04:59 Guard Tower
04:59 Guard Tower
05:00 Scout Tower
05:01 Scout Tower
05:36 Guard Tower
05:40 Guard Tower
05:50 Scout Tower
05:51 Scout Tower
05:55 Arcane Tower
06:01 Guard Tower
06:04 Scout Tower
06:05 Scout Tower
07:32 Castle
07:34 Arcane Sanctum
07:46 Guard Tower
07:48 Guard Tower
07:50 Scout Tower
07:54 Scout Tower
08:31 Scout Tower
08:32 Scout Tower
08:43 Guard Tower
08:44 Scout Tower
08:45 Scout Tower
09:20 Guard Tower
09:21 Scout Tower
09:24 Arcane Tower
09:28 Scout Tower
09:30 Scout Tower
10:36 Guard Tower
10:55 Arcane Vault
11:07 Guard Tower
11:47 Farm
12:10 Scout Tower
12:11 Scout Tower
12:17 Scout Tower
12:18 Scout Tower
12:34 Arcane Vault
12:39 Scout Tower
12:42 Scout Tower
13:10 Guard Tower
13:12 Scout Tower
13:14 Scout Tower
13:24 Scout Tower
13:25 Guard Tower
13:32 Scout Tower
13:32 Scout Tower
13:40 Arcane Vault
13:43 Scout Tower
13:45 Scout Tower
13:48 Guard Tower
13:50 Scout Tower
13:53 Scout Tower
13:54 Scout Tower
13:55 Scout Tower
13:55 Scout Tower
14:13 Guard Tower
14:16 Scout Tower
14:16 Scout Tower
14:27 Scout Tower
14:34 Arcane Tower
14:36 Scout Tower
14:37 Scout Tower
14:40 Guard Tower
15:00 Guard Tower
15:03 Farm
15:04 Scout Tower
15:17 Guard Tower
15:55 Town Hall
15:58 Scout Tower
15:59 Scout Tower
16:00 Scout Tower
16:01 Guard Tower
16:04 Scout Tower
16:04 Scout Tower
16:05 Scout Tower
16:05 Scout Tower
16:06 Scout Tower
16:06 Scout Tower
16:22 Guard Tower
16:26 Scout Tower
16:27 Scout Tower
16:30 Arcane Tower
16:36 Guard Tower
16:40 Scout Tower
16:41 Scout Tower
16:41 Scout Tower
16:43 Arcane Tower
17:04 Scout Tower
17:28 Guard Tower
17:37 Guard Tower
17:40 Scout Tower
17:41 Scout Tower
17:50 Guard Tower
17:52 Scout Tower
17:52 Scout Tower
18:33 Guard Tower
18:35 Scout Tower
18:38 Arcane Tower
18:45 Scout Tower
18:55 Guard Tower
18:57 Scout Tower
18:58 Scout Tower
19:08 Guard Tower
19:24 Scout Tower
19:24 Scout Tower
19:29 Scout Tower
19:37 Arcane Tower
19:43 Scout Tower
19:51 Scout Tower
19:51 Scout Tower
20:26 Guard Tower
20:41 Guard Tower
20:44 Scout Tower
20:45 Scout Tower
20:47 Guard Tower
20:49 Scout Tower
20:50 Scout Tower
21:14 Guard Tower
21:42 Scout Tower
21:42 Scout Tower
22:37 Arcane Tower
22:39 Scout Tower
22:42 Guard Tower
22:45 Scout Tower
22:46 Scout Tower
23:00 Guard Tower
23:12 Scout Tower
23:13 Scout Tower
23:16 Guard Tower
23:20 Scout Tower
23:21 Scout Tower
23:27 Guard Tower
26:14 Scout Tower
26:17 Guard Tower
28:31 Arcane Tower
28:40 Scout Tower
28:41 Scout Tower
28:42 Scout Tower
28:42 Scout Tower
28:44 Scout Tower
28:45 Scout Tower
28:45 Scout Tower
28:46 Scout Tower
28:46 Scout Tower
28:47 Scout Tower
28:48 Scout Tower
28:48 Scout Tower
» items
| Boots of Speed | 3 | |
| Staff of Teleportation | 3 | |
| Orb of Lightning | 3 | |
| Healing Salve | 1 | |
| Lesser Clarity Potion | 1 | |
| Staff of Sanctuary | 3 | |
| Scroll of Regeneration | 1 | |
15 total
butter15 (
blue | 107 APM | 3149 actions | 29:24)
7 Blademaster
3 Wind Walk
3 Critical Strike
1 Bladestorm
» actions
| Assign group hotkey | 19 | |
| Basic commands | 4 | |
| Build / train | 64 | |
| Enter build submenu | 25 | |
| Enter hero's abilities submenu | 7 | |
| Remove unit from queue | 1 | |
| Right click | 2302 | |
| Select / deselect | 251 | |
| Select group hotkey | 311 | |
| Use ability | 165 | |
3149 total
» units
» upgrades
| Ranged Weapons | 3 | |
| Reinforced Defenses | 1 | |
| Liquid Fire | 1 | |
| Armor | 2 | |
7 total
» buildings
| Altar of Storms | 1 | |
| Orc Burrow | 4 | |
| War Mill | 1 | |
| Voodoo Lounge | 2 | |
| Watch Tower | 15 | |
| Stronghold | 2 | |
| Beastiary | 2 | |
| Fortress | 1 | |
| Barracks | 1 | |
29 total
» build order
00:07 Altar of Storms
00:18 Orc Burrow
00:41 War Mill
01:45 Voodoo Lounge
02:02 Watch Tower
02:05 Watch Tower
04:52 Stronghold
04:52 Stronghold
04:54 Orc Burrow
04:55 Orc Burrow
04:56 Orc Burrow
05:59 Voodoo Lounge
07:31 Beastiary
07:32 Beastiary
07:33 Fortress
08:41 Watch Tower
08:45 Watch Tower
09:58 Watch Tower
15:47 Barracks
19:33 Watch Tower
19:34 Watch Tower
19:36 Watch Tower
20:27 Watch Tower
20:27 Watch Tower
24:05 Watch Tower
24:07 Watch Tower
25:39 Watch Tower
25:40 Watch Tower
28:33 Watch Tower
» items
| Healing Salve | 1 | |
| Lesser Clarity Potion | 2 | |
| Boots of Speed | 1 | |
| Staff of Teleportation | 1 | |
| Orb of Lightning | 1 | |
6 total
timg4strok (
orange | 105 APM | 3071 actions | 29:11)
6 Warden
3 Shadow Strike
3 Blink
» actions
| Assign group hotkey | 8 | |
| Basic commands | 18 | |
| Build / train | 44 | |
| ESC pressed | 2 | |
| Enter build submenu | 20 | |
| Enter hero's abilities submenu | 6 | |
| Give item / drop item | 2 | |
| Right click | 2093 | |
| Select / deselect | 175 | |
| Select group hotkey | 548 | |
| Use ability | 155 | |
3071 total
» units
» upgrades
| Ultravision | 1 | |
| Nature's Blessing | 1 | |
| Well Spring | 1 | |
3 total
» buildings
| Altar of Elders | 2 | |
| Moon Well | 14 | |
| Tree of Ages | 1 | |
| Hunter's Hall | 1 | |
| Tree of Eternity | 1 | |
| Ancient of Wonders | 1 | |
| Tree of Life | 2 | |
22 total
» build order
00:05 Altar of Elders
00:10 Moon Well
01:10 Moon Well
03:05 Moon Well
03:39 Moon Well
03:41 Moon Well
05:14 Tree of Ages
05:16 Hunter's Hall
07:05 Moon Well
07:37 Tree of Eternity
08:44 Ancient of Wonders
08:48 Tree of Life
10:09 Moon Well
10:10 Moon Well
10:11 Moon Well
10:12 Moon Well
10:54 Moon Well
15:10 Moon Well
15:41 Tree of Life
23:51 Moon Well
23:52 Moon Well
24:37 Altar of Elders
» items
| Staff of Teleportation | 1 | |
| Boots of Speed | 1 | |
| Orb of Venom | 1 | |
| Staff of Sanctuary | 1 | |
| Potion of Healing | 1 | |
5 total
Chat log
(00:53 / All) Elmar-Paulke: von ding her weischd
(01:00 / All) timg4strok: english please
(01:03 / All) timg4strok: this is american game...
(01:24 / All) Elmar-Paulke: didnt know
(01:31 / All) Elmar-Paulke: thought it was suaheli
(01:37 / All) butter15: Hi!
(01:54 / All) Elmar-Paulke: mahlzeit
(09:17 / All) Elmar-Paulke: ...
(25:58 / All) Birdeneering: lol yellow
(26:01 / All) Birdeneering: how u like that tp
(26:03 / All) Birdeneering: FOR NAUGHT
(27:37 / All) butter15: simon shitlock
(27:39 / All) butter15: i've played you before
(27:43 / All) butter15: http://highper.ch/
(28:02 / All) Simon-Whitlock: and? i fuckend your asss
(28:09 / All) butter15: you're 0-2 vs me
(28:14 / All) Elmar-Paulke: thats the sense of the game... u got it
(28:30 / All) Elmar-Paulke: thumbs up
(28:35 / All) timg4strok: thx
(28:40 / All) timg4strok: most noobs dont appreciate our ownage
(29:09 / All) Elmar-Paulke: shitheads